 Dungeon Crawl Stone Soup version 0.28.0 (webtiles) character file.

Game seed: 6690787211124712044

347 Kaptain the Digger (level 6, -1/35 HPs)
             Began as a Gargoyle Earth Elementalist on Feb 5, 2022.
             Slain by a mummy (13 damage)
             ... in an ossuary.
             The game lasted 00:08:26 (3935 turns).

Kaptain the Digger (Gargoyle Earth Elementalist)    Turns: 3935, Time: 00:08:28

Health: -1/35      AC:  7    Str: 11    XL:     6   Next: 59%
Magic:  4/11       EV: 11    Int: 18    God:
Gold:   123        SH:  0    Dex: 10    Spells: 8/12 levels left

rFire   . . .      SeeInvis .   m - +2 spear (vamp)
rCold   . . .      Faith    .   (no shield)
rNeg    + . .      Spirit   .   a - +0 leather armour
rPois   ∞          Reflect  .   (no helmet)
rElec   +          Harm     .   (no cloak)
rCorr   +          Rampage  .   (no gloves)
Will    .....                   (no boots)
Stlth   ++........              (no amulet)
HPRegen 0.11/turn               f - ring of resist corrosion
MPRegen 0.12/turn               (no ring)

@: no status effects
A: sickness immunity, AC +4, negative energy resistance 1, electricity
resistance, torment resistance 1, petrification resistance
a: no special abilities


You were in an ossuary.
You visited 1 branch of the dungeon, and saw 4 of its levels.
You also visited: Ossuary.

You collected 123 gold pieces.

Inventory:

Hand Weapons
 b - a +1 dagger
 d - a +0 rapier
 k - a +0 trident
 m - a +2 vampiric spear (weapon)
Missiles
 c - 8 stones
 g - 2 throwing nets
Armour
 a - a +0 leather armour (worn)
 e - a +0 buckler
Jewellery
 f - a ring of resist corrosion (left hand)
Scrolls
 h - 2 scrolls of blinking
 i - a scroll of identify
 l - 2 scrolls of amnesia
 n - a scroll of teleportation
Potions
 j - a potion of curing {unknown}
 o - a potion of heal wounds {unknown}


   Skills:
 + Level 2.1 Fighting
 + Level 2.0 Armour
 - Level 1.8 Dodging
 + Level 3.4 Stealth
 + Level 1.6 Shields
 * Level 3.5 Spellcasting
 * Level 1.0 Conjurations
 - Level 0.7 Transmutations
 * Level 5.3 Earth Magic


You had 8 spell levels left.
You knew the following spells:

 Your Spells              Type           Power      Damage    Failure   Level
a - Sandblast             Erth           44%        2d11      2%          1
b - Stone Arrow           Conj/Erth      28%        3d8       17%         3

Your spell library contained the following spells:

 Spells                   Type           Power      Damage    Failure   Level
 Passwall                 Tmut/Erth      11%        N/A       9%          2
 Petrify                  Tmut/Erth      14%        N/A       52%         4


Dungeon Overview and Level Annotations

Branches:
Dungeon (4/15)            Ossuary (1/1)
 Temple: D:4-7

Altars:
Hepliaklqana
Xom


Innate Abilities, Weirdness & Mutations

You are immune to sickness and miasma.
Your stone body is resilient. (AC +4)
You are immune to poison.
You resist negative energy. (rN+)
You are resistant to electric shocks. (rElec)
You are resistant to unholy torment.
You are immune to petrification.


Message History

* * * LOW HITPOINT WARNING * * *
Okay, then.
A mummy comes into view.
Reach: m) +2 spear (vamp)
Press: ? - help, Dir - move target, f - mummy
Aim: a mummy (about 24% to evade your +2 vampiric spear)
You reach to attack!
You barely miss the mummy. The mummy hits you but does no damage.
Reach: m) +2 spear (vamp)
Press: ? - help, Dir - move target, f - mummy, p - mummy
Aim: a mummy (moderately damaged, about 24% to evade your +2 vampiric spear)
You reach to attack!
You hit the mummy.
The mummy is moderately damaged.
Casting: Sandblast (safe; 2% risk of failure)
Confirm with . or Enter, or press ? or * to list all spells.
Aiming: Sandblast (safe; 2% risk of failure)
Press: ? - help, Shift-Dir - straight line, f - mummy, p - mummy
Aim: a mummy (91% to hit)
The blast of sand hits the mummy.
The mummy is moderately damaged.
Unknown command.
Reach: m) +2 spear (vamp)
Press: ? - help, Dir - move target, f/p - mummy
Aim: a mummy (moderately damaged, about 24% to evade your +2 vampiric spear)
You reach to attack!
You hit the mummy.
The mummy is moderately damaged.
Reach: m) +2 spear (vamp)
Press: ? - help, Dir - move target, f - mummy, p - mummy
Aim: a mummy (moderately damaged, about 24% to evade your +2 vampiric spear)
You reach to attack!
You hit the mummy.
The mummy is heavily damaged.
Casting: Sandblast (safe; 2% risk of failure)
Confirm with . or Enter, or press ? or * to list all spells.
Aiming: Sandblast (safe; 2% risk of failure)
Press: ? - help, Shift-Dir - straight line, f/p - mummy
Aim: a mummy (heavily damaged, 91% to hit)
The blast of sand hits the mummy!
The mummy is almost destroyed.
The mummy hits you!
You die...

#### ######## ##...
M.....## ##....
####......## #.....
##..##......#
#.....##....##.....#
#........@MM.......#
##................##
##..............##
#+##........##+#
##......## ##....##
#....# #....# #....#


You could see 2 mummies.

Vanquished Creatures
  A black bear (D:3)
  A scorpion (D:3)
  Natasha (D:2)
  4 mummies (Ossuary)
  4 adders
  An adder skeleton (D:4)
  2 worms
  2 dart slugs
  3 orcs (D:4)
  2 endoplasms
  5 giant cockroaches
  2 goblins
  A hobgoblin (D:1)
  9 jackals
  2 quokkas
  6 ball pythons
  6 bats
  5 frilled lizards
  3 gnoll zombies (Ossuary)
  A hobgoblin zombie (Ossuary)
  7 kobolds
  4 kobold zombies (Ossuary)
  3 rats (D:1)
  A rat zombie (D:4)
76 creatures vanquished.

Notes
Turn   | Place    | Note
-------+----------+-------------------------------------------
     0 | D:1      | Kaptain the Gargoyle Earth Elementalist began the quest for
                  | the Orb.
     0 | D:1      | Reached XP level 1. HP: 10/10 MP: 3/3
   225 | D:1      | Reached XP level 2. HP: 15/15 MP: 3/5
   406 | D:1      | Found a faded altar of an unknown god.
   789 | D:1      | Reached skill level 4 in Earth Magic
  1352 | D:2      | Reached XP level 3. HP: 18/20 MP: 6/6
  1356 | D:2      | Learned a level 3 spell: Stone Arrow
  1489 | D:2      | Noticed Natasha
  1496 | D:2      | Killed Natasha
  1497 | D:2      | Reached skill level 1 in Fighting
  1507 | D:2      | Reached XP level 4. HP: 22/25 MP: 1/7
  1584 | D:2      | Found a shimmering altar of Xom.
  2555 | D:3      | Reached skill level 1 in Armour
  2674 | D:3      | Noticed a scorpion
  2680 | D:3      | Killed a scorpion
  2681 | D:3      | Reached XP level 5. HP: 21/29 MP: 3/9
  2763 | D:3      | Found a shimmering altar of Xom.
  2764 | D:3      | Found a hazy altar of Hepliaklqana.
  2765 | D:3      | Noticed a spectral ugly thing
  2953 | D:3      | Reached skill level 1 in Shields
  2964 | D:3      | Noticed a black bear
  2981 | D:3      | Killed a black bear
  2982 | D:3      | Reached skill level 5 in Earth Magic
  2982 | D:3      | Reached XP level 6. HP: 27/35 MP: 4/10
  3736 | D:4      | Found a sand-covered staircase.
  3750 | Ossuary  | Entered an ossuary
  3897 | Ossuary  | Reached skill level 1 in Conjurations
  3935 | Ossuary  | Slain by a mummy

Illustrated notes

Levels and vault maps discovered:
D:1:      elethiomel_arrival_shortcut, layout_loops_corners,
          basic_ecumenical_altar, grunt_decor_junction
D:2:      layout_loops_ring, basic_altar, uniq_natasha
D:3:      layout_basic, regret_index_temple_of_mockery, minmay_close_crescents
D:4:      layout_rooms, mainiacjoe_overflow_24_doors, amcnicky_altar_gilded,
          temple_hall, serial_shops, shop, enter_ossuary_3
Ossuary:  ossuary_tomb_3

Skill      XL: |  1  2  3  4  5  6 |
---------------+-------------------+-----
Earth Magic    | 4 5 |  5.3
Fighting       | 1 2 |  2.1
Armour         | 1 2 |  2.0
Stealth        | 3 |  3.4
Spellcasting   | 3 |  3.5
Shields        | 1 |  1.6
Conjurations   | 1 |  1.0
Dodging        | |  1.8
Transmutations | |  0.7

Action                   |  1- 3 |  4- 6 || total
-------------------------+-------+-------++-------
Melee: Unarmed           |     9 |       ||     9
       Dagger            |    73 |    25 ||    98
       Punch             |     1 |     1 ||     2
       Spear             |       |    72 ||    72
 Cast: Sandblast         |    16 |    67 ||    83
  Use: Scroll            |     3 |     3 ||     6
 Stab: Sleeping          |     2 |     1 ||     3
Armor: Robe              |     3 |       ||     3
       Leather armour    |    28 |    44 ||    72
Dodge: Dodged            |    64 |    83 ||   147
